 Dungeon Crawl Stone Soup version 0.30-a0-879-ga8ba668304 (webtiles) character file.

Game seed: 13609498097559244874

157190 mandarbmax the Warrior (level 17, -1/163 (172) HPs)
             Began as a Pale Draconian Transmuter on Mar 12, 2023.
             Was a High Priest of Hepliaklqana.
             Killed from afar by a salamander tyrant (9 damage)
             ... with a flame surge
             ... on level 3 of the Snake Pit on Mar 14, 2023.
             The game lasted 01:49:11 (38747 turns).

mandarbmax the Warrior (Pale Draconian Transmuter) Turns: 38747, Time: 01:49:13

HP:   -1/163 (172)  AC: 13    Str: 14    XL:     17   Next: 12%
MP:   24/27         EV: 15    Int: 17    God:    Hepliaklqana [*****.]
Gold: 627           SH:  5    Dex: 15    Spells: 5/26 levels left

rFire   + . .      SeeInvis .      - Unarmed
rCold   + + +      Faith    .    (shield currently unavailable)
rNeg    . . .      Spirit   .    (body armour unavailable)
rPois   +          Reflect  +    (helmet currently unavailable)
rElec   .          Rampage  .    h - melded +2 cloak
rCorr   .                        M - melded +2 pair of gloves
Will    +....                    (boots currently unavailable)
Stlth   +++                      L - amulet of reflection
HPRegen 0.47/turn                H - ring of protection from fire
MPRegen 0.20/turn                w - ring of protection from fire

@: ice-form, weakened, drained
A: freezing attack, amphibious, boosted hp, reduced essence, (breathe steam), AC
+9, large, unfitting armour, (cold-blooded), (steam resistance), high MP 1
a: End Transformation, Renounce Religion, Recall Ancestor, Ancestor Identity,
Transference, Idealise


You were on level 3 of the Snake Pit.
You worshipped Hepliaklqana.
Hepliaklqana was extremely pleased with you.
You were a creature of crystalline ice.
You visited 5 branches of the dungeon, and saw 26 of its levels.

You collected 2412 gold pieces.
You spent 1785 gold pieces at shops.

Inventory:

Missiles
 R - a throwing net
Armour
 h - a +2 cloak (melded)
 M - a +2 pair of gloves (melded)
Jewellery
 o - a ring of willpower
 r - a ring of wizardry
 t - a ring of ice
 w - a ring of protection from fire (right front paw)
 G - a ring of ice
 H - a ring of protection from fire (left front paw)
 J - a ring of poison resistance
 L - an amulet of reflection (around neck)
 P - a ring of see invisible
 Q - a ring of magical power
Wands
 k - a wand of roots (13)
 s - a wand of mindburst (7)
 u - a wand of digging (3)
 v - a wand of flame (19)
 C - a wand of charming (11)
Scrolls
 d - a scroll of enchant armour
 e - 2 scrolls of teleportation
 f - 4 scrolls of fog
 g - 4 scrolls of poison
 i - 7 scrolls of fear
 l - 3 scrolls of immolation
 m - 2 scrolls of torment
 n - 2 scrolls of identify
 p - 3 scrolls of magic mapping
 x - 3 scrolls of brand weapon
 y - 4 scrolls of amnesia
 z - 2 scrolls of vulnerability
 E - 4 scrolls of enchant weapon
 I - 2 scrolls of silence
 N - a scroll of butterflies
 S - a scroll of blinking
Potions
 a - a potion of lignification
 b - 2 potions of haste
 c - 6 potions of flight
 j - a potion of attraction
 q - 2 potions of curing
 A - 2 potions of magic
 B - a potion of ambrosia
 D - 4 potions of brilliance
 F - 4 potions of mutation
 T - a potion of cancellation
Miscellaneous
 K - a tin of tremorstones (1/2)


   Skills:
 + Level 17.3 Fighting
 + Level 11.8 Dodging
 - Level 6.0 Stealth
 + Level 16.6 Unarmed Combat
 - Level 5.0 Spellcasting
 - Level 5.0 Conjurations
 + Level 6.9 Translocations
 - Level 10.0 Transmutations
 - Level 8.0 Ice Magic
 - Level 8.0 Invocations


You had 5 spell levels left.
You knew the following spells:

 Your Spells              Type           Power      Damage    Failure   Level
b - Wereblood             Tmut           38%        N/A       1%          2
c - Spider Form           Tmut/Pois      21%        N/A       5%          3
d - Ice Form              Ice/Tmut       34%        N/A       3%          4
e - Irradiate             Conj/Tmut      14%        3d16      19%         5
f - Manifold Assault      Tloc           28%        N/A       8%          4
g - Ozocubu's Armour      Ice            31%        N/A       1%          3

Your spell library contained the following spells:

 Spells                   Type           Power      Damage    Failure   Level
 Beastly Appendage        Tmut           76%        N/A       1%          1
 Freeze                   Ice            100%       1d10      1%          1
 Lesser Beckoning         Tloc           56%        N/A       1%          2
 Frozen Ramparts          Ice            62%        1d10      1%          3
 Gell's Gravitas          Tloc           28%        N/A       2%          3
 Teleport Other           Tloc           28%        N/A       2%          3
 Hailstorm                Conj/Ice       26%        3d7       3%          3
 Foxfire                  Conj/Fire      48%        2x1d6     4%          1
 Ignite Poison            Fire/Tmut/Pois 15%        N/A       11%         3
 Iskenderun's Mystic Bla  Conj/Tloc      24%        2d7       12%         4
 Kindle Blastsparks       Fire/Tloc/Air  24%        2d12      16%         3
 Petrify                  Tmut/Erth      21%        N/A       19%         4
 Cigotuvi's Dreadful Rot  Necr/Pois/Air  8%         N/A       22%         2
 Poisonous Vapours        Pois/Air       8%         N/A       22%         2
 Sublimation of Blood     Necr           4%         N/A       22%         2
 Mephitic Cloud           Conj/Pois/Air  9%         N/A       22%         3
 Fulminant Prism          Conj/Hex       6%         3d7       45%         4
 Freezing Cloud           Conj/Ice/Air   9%         6-21      54%         5
 Metabolic Englaciation   Hex/Ice        8%         N/A       58%         5
 Olgreb's Toxic Radiance  Pois           4%         N/A       80%         4
 Fireball                 Conj/Fire      6%         3d5       80%         5
 Lee's Rapid Deconstruct  Erth           2%         3d4*      98%         5
 Dispersal                Tloc           14%        N/A       77%         6
 Simulacrum               Ice/Necr       8%         N/A       99%         6
 Ozocubu's Refrigeration  Ice            15%        4d10      99%         7
 Starburst                Conj/Fire      6%         6d4       100%        6
 Disjunction              Tloc           14%        N/A       100%        8
 Ignition                 Fire           2%         3d3       100%        8
 Polar Vortex             Ice            15%        N/A       100%        9


Dungeon Overview and Level Annotations

Branches:
Dungeon (15/15)            Temple (1/1) D:4            Lair (5/5) D:8
  Swamp (0/4) Lair:2        Snake (3/4) Lair:2        Slime (0/5) Lair:5
    Orc (2/2) D:11            Elf (0/3) Orc:2        Vaults (0/5) D:13
 Depths (0/4) D:15

Altars:
Ashenzari
Cheibriados
Dithmenos
Elyvilon
Fedhas
Gozag
Hepliaklqana
Kikubaaqudgha
Makhleb
Nemelex Xobeh
Okawaru
Qazlal
Ru
Sif Muna
Trog
Uskayaw
Vehumet
Wu Jian
Xom
Yredelemnul
Zin
The Shining One
Lugonu

Shops:
D:2 !   D:12 **   D:13 *   D:14 :   D:15 *   Orc:2 !:([   Snake:2 !([*

Portals:
Abyss: Lair:5

Annotations:
D:3 2 transporters, viagra's ghost, amateur MfGl


Innate Abilities, Weirdness & Mutations

You are a creature of crystalline ice.
You have a powerful freezing melee attack.
You are amphibious.
Your maximum health is increased.
Your armour is entirely melded.
You are incapable of wielding weapons or throwing items.
Your life essence is reduced to manifest your ancestor. (-10% HP)
((You can breathe blasts of scalding, opaque steam.))
((Your pale cyan-grey scales are hard. (AC +9)))
You cannot fit into any form of body armour.
((You are cold-blooded and may be slowed by cold attacks.))
((You are immune to the effects of steam.))
You have an increased reservoir of magic. (+10% MP)


Message History

You hit the salamander. You freeze the salamander.
The salamander is severely wounded.
The salamander misses you.
You punch the salamander! You freeze the salamander.
The salamander is almost dead.
The salamander tyrant gazes fiercely through you!
You feel your attacks grow feeble.
Arif points at the salamander and mumbles some strange words.
The stone arrow hits the salamander!
The salamander dies!
The salamander tyrant calls gouts of flame from the lava!
The flame surge hits you!!! The fire burns you terribly!
* * * LOW HITPOINT WARNING * * *
Things that are here:
a +0 glaive; a salamander corpse You remove your ring of ice.
The salamander tyrant gazes fiercely through you!
You feel as though you will be weak longer.
w - a ring of protection from fire (right front paw) Arif points at the salamander tyrant and mumbles some strange words.
The bolt of magma hits the salamander tyrant!
The salamander tyrant partially resists.
You're wearing all the rings you can.
Remove which one? (? for menu, Esc to cancel) < or
t - a ring of ice; > or
w - a ring of protection from fire You remove your ring of ice.
The salamander tyrant calls gouts of flame from the lava!
The flame surge hits you!!
* * * LOW HITPOINT WARNING * * *
The flame surge hits Arif!
Arif resists.
H - a ring of protection from fire (left front paw)
Okay, then.
As you read the scroll of fog, it crumbles to dust.
The scroll dissolves into smoke.
The salamander mystic gestures at the salamander tyrant while chanting.
The salamander tyrant seems to speed up.
The salamander tyrant calls gouts of flame from the lava!
The flame surge hits you! You resist.
You die...

### ################.#
.................#
################.# #≈#
###§####### #####
*******#.§YRN....# #...#
*........§§§N....#####...#
#######.......§§§.§....#.......#
...^...........#.#.............#
.........#.#...................##
.........#,#.....................
.........#,#..............####)##
#.......#####.......####*,,,#)...
##.....##...##,,,,,*#...##,,#....


You could see the friendly Arif the battlemage, a salamander tyrant (fast, ally
target) and a salamander mystic.

Vanquished Creatures
  Mlioglotl (Snake:3)
  A shadow dragon (D:14)
  A nagaraja (Snake:2)
  A frost giant (D:14)
  An ettin (D:15)
  A fire dragon (D:14)
  Fannar (D:10)
  3 hydras
  2 catoblepae
  2 ogre magi
  4 centaur warriors
  4 anacondas
  4 boulder beetles
  A tengu warrior (D:15)
  6 two-headed ogres
  6 naga warriors
  4 orc high priests (Orc:2)
  5 shock serpents
  4 naga sharpshooters
  2 thrashing horrors (Lair:5)
  Sonja (D:10)
  3 salamander mystics
  5 skysharks
  5 skeletal warriors
  A lindwurm (Lair:4)
  6 orc knights
  4 wizards
  3 naga ritualists
  A deep elf archer (D:13)
  3 anaconda skeletons (Snake:3)
  2 deep elf pyromancers
  A necromancer (D:15)
  An orc sorcerer (Orc:2)
  A mana viper (Snake:1)
  14 ugly things
  2 oklob plants (Lair:5)
  5 manticores
  A wolf spider (D:14)
  5 cyclopes
  9 salamanders
  14 elephants
  21 black mambas
  A guardian serpent (Snake:2)
  2 smoke demons (Lair:5)
  4 naga magi
  A gargoyle (D:14)
  Maggie (D:7)
  5 kobold demonologists
  10 cane toads
  4 komodo dragons
  An efreet (D:14)
  A rime drake (Lair:4)
  A komodo dragon (shapeshifter) (D:15)
  5 yaktaurs
  3 spectral nagas (Snake:3)
  A sea snake skeleton (Snake:3)
  A queen bee (shapeshifter) (D:13)
  3 ancient zymes (Lair:5)
  A troll (shapeshifter) (D:14)
  4 trolls
  3 meliai (D:14)
  A polar bear (Lair:2)
  2 tyrant leeches (Lair:2)
  A raiju (shapeshifter) (D:15)
  24 blink frogs
  A hornet (D:7)
  2 slime creatures (D:13)
  2 shadows
  A wraith (D:9)
  2 ynoxinuls (Lair:5)
  A wyvern (Lair:1)
  31 yaks
  Eustachio (D:5)
  15 humans (D:13)
  4 basilisks
  A large abomination (Lair:5)
  A sea snake simulacrum (Snake:3)
  A warg (D:15)
  11 vampire mosquitoes
  18 nagas
  An acid dragon (D:14)
  10 water moccasins
  5 small abominations (Lair:5)
  21 orc warriors
  5 black bears
  2 guardian serpent simulacra (Snake:3)
  A sky beast (D:6)
  8 ogres
  3 centaurs
  8 wolves
  A kobold brigand (D:10)
  4 bullfrogs
  3 wights (D:9)
  6 killer bees (D:9)
  An electric eel (Lair:3)
  5 hounds
  17 orc priests
  A jelly (D:6)
  2 gnoll boudas
  5 iguanas
  10 orc wizards
  4 naga skeletons (Snake:3)
  Robin (D:2)
  9 gnolls
  2 adders
  A naga simulacrum (Snake:3)
  A shadow imp (D:5)
  A white imp (D:5)
  5 worms
  2 dart slugs
  49 orcs
  6 ball pythons
  7 endoplasms
  4 giant cockroaches
  15 goblins
  13 hobgoblins
  3 jackals (D:2)
  15 kobolds
  5 quokkas
  4 bats
  5 frilled lizards
  7 rats
612 creatures vanquished.

Vanquished Creatures (collateral kills)
  A nagaraja (Snake:2)
  A rakshasa (D:15)
  3 vault guards (D:13)
  2 anacondas (Snake:2)
  A death knight (D:15)
  2 centaur warriors (D:14)
  A catoblepas (Lair:5)
  The ghost of avis the Carver, a novice DgHu (Lair:1)
  3 boulder beetles
  A naga warrior (Snake:2)
  An orc high priest (Orc:2)
  3 naga sharpshooters
  A large abomination (Lair:5)
  2 skeletal warriors (D:14)
  A deep troll (D:15)
  2 wizards
  3 orc knights
  3 mana vipers
  An orc sorcerer (D:15)
  5 ugly things
  A manticore (D:13)
  3 salamanders
  A wolf spider (D:14)
  4 elephants (Lair:3)
  A naga mage (Snake:2)
  A torpor snail (Lair:1)
  4 cane toads
  9 black mambas
  A rime drake (Lair:5)
  3 komodo dragons
  An efreet (D:14)
  A yaktaur (D:15)
  3 trolls
  17 blink frogs
  Prince Ribbit (D:9)
  A spectral guardian serpent (Snake:3)
  A snapping turtle (shapeshifter) (Lair:5)
  A slime creature (D:13)
  13 yaks
  A wraith (D:11)
  A spriggan (Lair:5)
  3 humans (D:13)
  Grum (D:11)
  5 basilisks
  2 vampire mosquitoes (D:14)
  A steam dragon (D:8)
  7 nagas
  An acid dragon (D:10)
  A swamp worm (Lair:2)
  5 water moccasins
  17 orc warriors
  An ice beast (D:7)
  3 wolves
  Blork the orc (D:5)
  4 kobold brigands
  A small abomination (Lair:5)
  2 bullfrogs
  A wight (D:9)
  11 orc priests
  A gnoll bouda (D:7)
  Crazy Yiuf (D:5)
  11 orc wizards
  4 gnolls
  An adder (shapeshifter) (Lair:5)
  An adder (D:6)
  28 orcs
  7 kobolds
  A butterfly (Lair:2)
229 creatures vanquished.

Vanquished Creatures (others)
  A boulder beetle (D:14)
  A wraith (D:14)
  22 battlemagi
  An orc (D:8)
  36 fungi
  61 plants
122 creatures vanquished.

Grand Total: 963 creatures vanquished

Notes
Turn   | Place    | Note
-------+----------+-------------------------------------------
     0 | D:1      | mandarbmax the Draconian Transmuter began the quest for the
                  | Orb.
     0 | D:1      | Reached XP level 1. HP: 16/16 MP: 3/3
   121 | D:1      | Reached XP level 2. HP: 10/23 MP: 3/5
   355 | D:1      | Learned a level 2 spell: Wereblood
   543 | D:2      | Reached XP level 3. HP: 27/28 MP: 4/6
   596 | D:2      | Noticed Robin
   635 | D:2      | Killed Robin
   636 | D:2      | Reached XP level 4. HP: 35/35 MP: 1/7
   754 | D:2      | Found Plog's Distillery.
   921 | D:2      | Reached skill level 5 in Unarmed Combat
  1914 | D:3      | Found a transporter.
  1917 | D:3      | Found a transporter.
  1917 | D:3      | Noticed viagra's ghost (amateur MfGl)
  2253 | D:4      | Reached XP level 5. HP: 33/40 MP: 4/8
  2259 | D:4      | Learned a level 3 spell: Spider Form
  2407 | D:4      | Noticed a black bear
  2421 | D:4      | Killed a black bear
  2830 | D:4      | Reached XP level 6. HP: 22/47 MP: 2/9
  3151 | D:4      | Found a staircase to the Ecumenical Temple.
  3164 | Temple   | Entered the Ecumenical Temple
  3343 | Temple   | Became a worshipper of Hepliaklqana the Forgotten
  3669 | D:4      | Identified the +1 ring mail of Quantum Leap {rElec Will+
                  | Int-4 Dex+3}
  3728 | D:4      | Reached * piety under Hepliaklqana
  3945 | D:5      | Entered Level 5 of the Dungeon
  3951 | D:5      | Reached skill level 2 in Fighting
  3969 | D:5      | Noticed a water moccasin
  3976 | D:5      | Killed a water moccasin
  3977 | D:5      | Reached skill level 3 in Fighting
  3977 | D:5      | Your scales start taking on a pale cyan-grey colour.
  3977 | D:5      | Reached XP level 7. HP: 34/51 MP: 6/10
  3977 | D:5      | Gained mutation: You are immune to the effects of steam.
                  | [Pale Draconian growth]
  4049 | D:5      | Noticed Blork the orc
  4059 | D:5      | Killed Blork the orc
  4060 | D:5      | Reached skill level 1 in Invocations
  4110 | D:5      | Reached skill level 4 in Fighting
  4216 | D:5      | Noticed Eustachio
  4235 | D:5      | Killed Eustachio
  4660 | D:5      | Found an opulent altar of Gozag.
  4660 | D:5      | Found an ancient bone altar of Kikubaaqudgha.
  4661 | D:5      | Found a sacrificial altar of Ru.
  4663 | D:5      | Found a bloodstained altar of Trog.
  4815 | D:5      | Found a runed translucent door.
  4816 | D:5      | Noticed Crazy Yiuf
  4866 | D:5      | Killed Crazy Yiuf
  4888 | D:5      | Learned a level 4 spell: Ice Form
  4987 | D:6      | Found an iron altar of Okawaru.
  5005 | D:6      | Reached XP level 8. HP: 32/60 MP: 8/11
  5124 | D:6      | Reached skill level 5 in Fighting
  5151 | D:6      | Reached skill level 5 in Transmutations
  5458 | D:6      | Found a basalt altar of Yredelemnul.
  5512 | D:6      | Found a broken altar of Ashenzari.
  5744 | D:6      | Reached ** piety under Hepliaklqana
  5745 | D:6      | Remembered your ancestor Arif as a battlemage
  5845 | D:6      | Found an ornate altar of the Wu Jian Council.
  6466 | D:7      | Found a shadowy altar of Dithmenos.
  6483 | D:7      | Reached skill level 6 in Fighting
  6953 | D:7      | Noticed a hornet
  6957 | D:7      | Killed a hornet
  7023 | D:7      | Reached XP level 9. HP: 30/70 MP: 7/12
  7388 | D:7      | Reached skill level 7 in Fighting
  7425 | D:7      | Noticed Maggie
  7433 | D:7      | Killed Maggie
  7868 | D:8      | Reached skill level 5 in Dodging
  7928 | D:8      | Reached skill level 8 in Fighting
  8193 | D:8      | Reached *** piety under Hepliaklqana
  8285 | D:8      | Noticed a komodo dragon
  8289 | D:8      | Found a staircase to the Lair.
  8294 | D:8      | Killed a komodo dragon
  8295 | D:8      | Reached skill level 9 in Fighting
  8531 | D:9      | Reached XP level 10. HP: 53/81 MP: 7/13
  8762 | D:9      | Reached skill level 10 in Fighting
  9471 | D:9      | Noticed Prince Ribbit
  9475 | D:9      | Killed Prince Ribbit
  9524 | D:10     | Entered Level 10 of the Dungeon
  9561 | D:10     | Found a sparkling altar of Nemelex Xobeh.
  9726 | D:10     | Noticed Sonja
  9749 | D:10     | Killed Sonja
  9751 | D:10     | Reached skill level 10 in Unarmed Combat
 10178 | D:10     | Noticed a two-headed ogre
 10189 | D:10     | Killed a two-headed ogre
 10375 | D:10     | Reached XP level 11. HP: 73/89 MP: 10/14
 10656 | D:10     | Noticed Fannar
 10671 | D:10     | Killed Fannar
 10689 | D:10     | Found a snail-covered altar of Cheibriados.
 10977 | D:11     | Found a staircase to the Orcish Mines.
 11136 | D:11     | Reached **** piety under Hepliaklqana
 11136 | D:11     | Noticed Grum
 11143 | D:11     | Killed Grum
 12160 | D:12     | Found Dowidghi's Specific Store.
 12162 | D:12     | Found Pasanty's General Store.
 12165 | D:12     | Noticed a two-headed ogre
 12173 | D:12     | Killed a two-headed ogre
 12174 | D:12     | Reached skill level 11 in Fighting
 12228 | D:12     | Noticed a boulder beetle
 12239 | D:12     | Killed a boulder beetle
 12381 | D:12     | Noticed a deep elf pyromancer
 12387 | D:12     | Killed a deep elf pyromancer
 12388 | D:12     | Reached skill level 5 in Invocations
 12937 | Lair:1   | Entered Level 1 of the Lair of Beasts
 13000 | Lair:1   | Reached ***** piety under Hepliaklqana
 13148 | Lair:1   | Noticed a boulder beetle
 13160 | Lair:1   | Killed a boulder beetle
 13194 | Lair:1   | Reached XP level 12. HP: 23/99 MP: 4/16
 13479 | Lair:1   | Found a runed translucent door.
 13479 | Lair:1   | Noticed avis's ghost (novice DgHu)
 13488 | Lair:1   | Reached skill level 1 in Stealth
 13496 | Lair:1   | Killed avis's ghost
 14193 | Lair:2   | Reached skill level 12 in Fighting
 14197 | Lair:2   | Found a staircase to the Swamp.
 14471 | Lair:2   | You fall into a shaft and drop 1 floor!
 14530 | Lair:3   | Noticed a boulder beetle
 14546 | Lair:3   | Killed a boulder beetle
 14874 | Lair:3   | Reached skill level 5 in Stealth
 15528 | Lair:2   | Found a staircase to the Snake Pit.
 15888 | Lair:2   | Reached XP level 13. HP: 90/106 MP: 3/19
 16845 | Lair:3   | Reached skill level 10 in Dodging
 17854 | Lair:4   | Reached skill level 13 in Fighting
 18645 | Lair:4   | Reached ****** piety under Hepliaklqana
 19497 | Lair:5   | Entered Level 5 of the Lair of Beasts
 19721 | Lair:5   | Reached skill level 14 in Fighting
 19851 | Lair:5   | Reached XP level 14. HP: 48/118 MP: 4/20
 20127 | Lair:5   | Learned a level 5 spell: Irradiate
 20304 | Lair:5   | Found a staircase to the Slime Pits.
 20337 | Lair:5   | Reached skill level 1 in Conjurations
 21175 | Lair:5   | HP: 3/142 [acid (8)]
 21181 | Lair:5   | Found a corrupted altar of Lugonu.
 21181 | Lair:5   | Found a one-way gate to the infinite horrors of the Abyss.
 22648 | Orc:1    | Entered Level 1 of the Orcish Mines
 23100 | Orc:2    | Entered Level 2 of the Orcish Mines
 23100 | Orc:2    | Found a staircase to the Elven Halls.
 23590 | Orc:2    | Reached skill level 15 in Fighting
 25758 | Orc:2    | Found Idath's Book Shop.
 25758 | Orc:2    | Found Magaaggo's Distillery.
 25759 | Orc:2    | Found Bemat's Armour Shop.
 25759 | Orc:2    | Found Mydgh's Antique Weapon Boutique.
 25770 | Orc:2    | Bought a potion of heal wounds for 60 gold pieces
 25770 | Orc:2    | Bought a potion of heal wounds for 60 gold pieces
 25770 | Orc:2    | Bought a potion of invisibility for 96 gold pieces
 26032 | D:13     | Reached skill level 5 in Conjurations
 26036 | D:13     | Gained mutation: You have an increased reservoir of magic.
                  | (+10% MP) [mutagenic glow]
 26436 | D:13     | Reached skill level 15 in Unarmed Combat
 26711 | D:13     | Reached XP level 15. HP: 126/126 MP: 21/23
 26771 | D:13     | Found a gate to the Vaults.
 26787 | D:13     | Reached skill level 10 in Transmutations
 27593 | D:13     | Found Cehihy Arec's Assorted Antiques.
 27625 | D:13     | Bought a copper ring for 170 gold pieces
 27625 | D:13     | Bought a cabochon ring for 170 gold pieces
 27796 | D:14     | Found Raahugoibe's Book Shop.
 27801 | D:14     | Bought a book of the Warp for 504 gold pieces
 27801 | D:14     | Bought a book of Winter for 408 gold pieces
 27806 | D:14     | Learned a level 4 spell: Manifold Assault
 27810 | D:14     | Learned a level 3 spell: Ozocubu's Armour
 27911 | D:14     | Reached skill level 1 in Ice Magic
 28121 | D:14     | Reached skill level 1 in Translocations
 28946 | D:14     | Reached skill level 16 in Fighting
 28973 | D:14     | HP: 2/154 [wizard/fireball (54)]
 28991 | D:14     | HP: 2/154 [centaur warrior (11)]
 29513 | D:14     | Identified the +10 quarterstaff of Olliw {heavy, rF+ rN+
                  | Int-4 Stlth+}
 30096 | D:14     | Noticed a shadow dragon
 30113 | D:14     | Noticed a frost giant
 30121 | D:14     | Killed a frost giant
 30132 | D:14     | Killed a shadow dragon
 30133 | D:14     | Reached skill level 5 in Spellcasting
 30397 | D:14     | Identified the +5 arbalest "Ellyhes" {flame, Str+3}
 30505 | D:15     | Entered Level 15 of the Dungeon
 31140 | D:15     | Reached skill level 5 in Ice Magic
 31175 | D:15     | Reached XP level 16. HP: 136/136 MP: 8/25
 31291 | D:15     | Paralysed by an orc sorcerer for 5 turns
 31911 | D:15     | Found a staircase to the Depths.
 31956 | D:15     | Found an opulent altar of Gozag.
 31959 | D:15     | Found Gozag's Platinum Reserve.
 32570 | Snake:1  | Entered Level 1 of the Snake Pit
 32901 | Snake:1  | Found a shadowy altar of Dithmenos.
 33842 | Snake:1  | Reached skill level 5 in Translocations
 34129 | Snake:2  | You fall into a shaft and drop 1 floor!
 34211 | Snake:3  | Noticed Mlioglotl
 34219 | Snake:3  | Killed Mlioglotl
 34822 | D:12     | Bought a scroll of teleportation for 45 gold pieces
 36067 | Snake:2  | Reached skill level 17 in Fighting
 36225 | Snake:2  | Found Uruost's Distillery.
 36225 | Snake:2  | Found Muriqeg's Antique Armour Shoppe.
 36229 | Snake:2  | Found Limetud's Weapon Shoppe.
 36230 | Snake:2  | Found Uqukadae's Assorted Antiques.
 36233 | Snake:2  | Bought a potion of heal wounds for 80 gold pieces
 36479 | Snake:2  | Bought a scroll of blinking for 172 gold pieces
 36479 | Snake:2  | Bought a sedimented white potion for 20 gold pieces
 37764 | Snake:3  | Reached XP level 17. HP: 22/144 MP: 14/27
 38745 | Snake:3  | HP: 7/163 [salamander tyrant/flame surge (28)]
 38747 | Snake:3  | Killed from afar by a salamander tyrant

Illustrated notes

Levels and vault maps discovered:
D:1:      saegor_arrival_simple_a, layout_rooms
D:2:      layout_basic, serial_aquarium, aquarium_bridge_long_separate
          [aquarium_subvault_bridge, aquarium_subvault_wall,
          aquarium_subvault_bridge, aquarium_subvault_bridge,
          aquarium_subvault_bridge, aquarium_subvault_wall],
          aquarium_window_corner, aquarium_window_1, aquarium_window_corridor_1,
          aquarium_view_2d, serial_shops, shop, uniq_robin
D:3:      layout_basic, gammafunk_ghost_arena, minmay_between
D:4:      layout_gridville, minmay_temple_entry_drinking_statues,
          serial_bayou_pond_b
D:5:      layout_cave_pools, grunt_temple_overflow_open, uniq_blork_the_orc,
          uniq_eustachio, uniq_crazy_yiuf_cottage
D:6:      layout_layer_cave, ashenzari_conservatory_becter,
          mainiacjoe_overflow_cross_hatched, yredelemnul_altar_generic,
          kennysheep_mini_moat, kennysheep_decorative_pillar,
          minmay_misc_feat_secret_circle
D:7:      layout_loops_corners, lemuel_round_altar, uniq_maggie
D:8:      layout_rooms, david_lair_shrubbed
D:9:      layout_big_octagon, uniq_prince_ribbit1
D:10:     layout_long_grid, chei_slow_surprise, nemelex_spade_bored_becter,
          uniq_sonja, uniq_fannar
D:11:     layout_loops_ring, david_orc_3, uniq_grum
D:12:     layout_irregular_city, nicolae_specific_store
D:13:     layout_layer_cave, grunt_vaults_entry_tiered, serial_shops,
          nicolae_shop_overgrown_old_shop
D:14:     evilmike_diamond_2, layout_rooms, serial_shops, shop, glass_columns_a,
          grunt_ogre_cave
D:15:     hangedman_depths_entry_civil_slaughter, layout_irregular_city,
          nicolae_gozag_zags_fifth_avenue
Temple:   bh_familiar_temple
Lair:1:   layout_roguey, ebering_ghost_inner_flame, serial_rivers,
          chequers_serial_rivers_marsh, chequers_serial_rivers_room_a,
          chequers_serial_rivers_marsh, chequers_serial_rivers_micro_d,
          chequers_serial_rivers_micro_a, serial_bayou_lagoon_a
Lair:2:   layout_gridlike, minmay_swamp_entry_worms, dummy_snake_entry,
          mumra_transporter_accident, beast_lair_carwin_2, lemuel_fruit_fields,
          grunt_megastairs_2
Lair:3:   layout_cave_pods, serial_bayou_shore_a
Lair:4:   layout_regular_city, grunt_megastairs_3
Lair:5:   hellmonk_lair_end_abyssal_woods, layout_hall_layers,
          minmay_slime_entry_oklob_open
Snake:1:  layout_misc_corridors, basic_altar, grunt_megastairs_4
Snake:2:  layout_chambers, minmay_shop_grid_forest, nicolae_integral_box
Snake:3:  layout_basic, serial_bayou_pond_d,
          nicolae_snake_the_dead_are_slithering, lemuel_fruit_tree,
          nicolae_triple_integral, uniq_mlioglotl
Orc:1:    layout_diamond_mine
Orc:2:    st_orc_pillars, layout_caves

Skill      XL: |  1  2  3  4  5  6  7  8  9 10 11 12 13 14 15 16 |
---------------+-------------------------------------------------+-----
Dodging        | 2 3 5 7 9 10 11 | 11.8
Unarmed Combat | 4 5 6 7 8 11 12 13 15 16 | 16.6
Transmutations | 3 4 6 7 8 9 10 | 10.0
Fighting       | 3 4 6 9 10 11 12 14 15 16 17 | 17.3
Invocations    | 3 6 8 |  8.0
Stealth        | 6 |  6.0
Conjurations   | 5 |  5.0
Spellcasting   | 5 |  5.0
Ice Magic      | 5 8 |  8.0
Translocations | 3 6 |  6.9

Action                     |  1- 3 |  4- 6 |  7- 9 | 10-12 | 13-15 | 16-18 || total
---------------------------+-------+-------+-------+-------+-------+-------++-------
  Melee: Unarmed           |    92 |   166 |   183 |   398 |   800 |   346 ||  1985
         Kick              |    18 |    27 |     1 |    10 |    15 |       ||    71
         Headbutt          |    14 |    13 |     1 |     3 |    12 |       ||    43
         Tailslap          |     2 |    10 |     2 |     1 |     8 |     1 ||    24
         Punch             |       |     4 |       |       |     4 |       ||     8
   Cast: Beastly Appendage |    20 |    38 |     3 |     6 |     4 |     2 ||    73
         Wereblood         |     2 |     5 |    13 |    20 |    30 |    13 ||    83
         Spider Form       |       |     8 |    37 |    53 |    49 |       ||   147
         Ice Form          |       |       |       |     7 |    67 |    44 ||   118
         Irradiate         |       |       |       |       |    15 |    15 ||    30
         Ozocubu's Armour  |       |       |       |       |     8 |    13 ||    21
         Manifold Assault  |       |       |       |       |       |     1 ||     1
 Invoke: Ancestor Life: Ba |       |       |     1 |       |       |       ||     1
         Recall Ancestor   |       |       |       |     2 |     4 |     3 ||     9
         Idealise          |       |       |       |     1 |     9 |     1 ||    11
Ability: Breathe Steam     |       |       |     3 |     1 |     2 |       ||     6
  Evoke: Wand              |       |       |     1 |     8 |     5 |     3 ||    17
         Tin of tremorston |       |       |       |       |     2 |     2 ||     4
    Use: Scroll            |       |     8 |     6 |     7 |    19 |     8 ||    48
         Potion            |       |     1 |     2 |     9 |    13 |     6 ||    31
   Stab: Sleeping          |     1 |     1 |       |       |     3 |     4 ||     9
         Distracted        |       |       |     2 |     9 |    19 |     8 ||    38
         Invisible         |       |       |       |     2 |     8 |       ||    10
 Armour: Skin              |    25 |    30 |    28 |    28 |    99 |    89 ||   299
  Dodge: Dodged            |    53 |   121 |   207 |   380 |   537 |   181 ||  1479
  Block: Other             |       |       |       |       |    97 |    62 ||   159
         Reflection        |       |       |       |       |    10 |     7 ||    17

Table legend: (Time is in decaauts)
 A = Elapsed time spent in this place.
 B = Non-inter-level travel time spent in this place.
 C = Inter-level travel time spent in this place.
 D = Time resting spent in this place.
 E = Time spent auto-exploring this place.
 F = Levels seen in this place.
 G = Mean time per level.
                   A        B        C        D        E       F      G
               +--------+--------+--------+--------+--------+-----+--------+
         Total |  38310 |  36255 |   2055 |   5318 |  25656 |  26 | 1473.5 |
       Dungeon |  19440 |  18334 |   1106 |   2151 |  13590 |  15 | 1296.0 |
        Temple |    204 |    169 |     35 |      0 |    163 |   1 |  204.0 |
          Lair |  10084 |   9564 |    520 |   1710 |   6581 |   5 | 2016.8 |
     Snake Pit |   5308 |   5109 |    199 |    536 |   3807 |   3 | 1769.3 |
  Orcish Mines |   3272 |   3078 |    194 |    920 |   1513 |   2 | 1636.0 |
               +--------+--------+--------+--------+--------+-----+--------+

Top non-repeatable levels by time:
    D:14: 2671 daAuts
  Lair:5: 2481 daAuts
  Lair:3: 2177 daAuts
 Snake:3: 2122 daAuts
  Lair:4: 2027 daAuts
  Lair:2: 2013 daAuts
    D:13: 1891 daAuts
 Snake:2: 1799 daAuts
   Orc:2: 1744 daAuts
   Orc:1: 1528 daAuts
    D:15: 1456 daAuts
    D:10: 1454 daAuts
 Snake:1: 1386 daAuts
  Lair:1: 1385 daAuts
     D:7: 1385 daAuts
